Cogmind - Beta 10.2 @@@ ROGUE MODE // 2021.07.24 @ 01:13:19 Player: szymekc Result: Self-destructed Performance ------------- Evolutions (1) 500 Regions Visited (4) 800 Robots Destroyed (10) 50 Value Destroyed (194) 194 Prototype IDs (0) 0 Alien Tech Used (0) 0 Bonus (-82) -82 TOTAL SCORE: 1462 Bonus ------- Friendly Fire -82 Cogmind --------- Core Integrity 218/400 Matter 300/300 Energy 125/125 System Corruption 0% Temperature Cool (0) Movement Walking (210) Ox3 Location -9/Exiles Parts ------- > --- POWER (1) -------- Light Ion Engine > --- PROPULSION (3) --- Aluminum Leg > --- UTILITY (3) ------ High-capacity Storage Unit Signal Interpreter > --- WEAPON (2) ------- Shotgun Mace > --- INVENTORY (12) --- Light Ion Engine Large Storage Unit Large Storage Unit Large Storage Unit High-capacity Matter Pod (200) High-capacity Matter Pod (184) ECM Suite Peak State ------------ > --- POWER ------------ Ion Engine > --- PROPULSION ------- Aluminum Leg Aluminum Leg Flexi-carbon Leg > --- UTILITY ---------- Medium Storage Unit Signal Interpreter Improved Terrain Scanner > --- WEAPON ----------- Light Assault Rifle Mining Laser > --- INVENTORY -------- Light Ion Engine Light Ion Engine Light Ion Engine Aluminum Leg Small Storage Unit ECM Suite [Rating: 14] Favorites ----------- Power Ion Engine Engine Ion Engine Propulsion Aluminum Leg Treads Light Treads Leg Aluminum Leg Wheel Wheel Utility Signal Interpreter Device Improved Terrain Scanner Storage Small Storage Unit Processor Signal Interpreter Weapon Light Assault Rifle Energy Gun Medium Laser Energy Cannon Beam Cannon Ballistic Gun Light Assault Rifle Launcher Grenade Launcher Special Weapon Mining Laser Impact Weapon Mace Build | -11 -10 -9 -9 -9 ------- Run | Scr Mat Mat Min Exi Slots Evolved 2 | . . 2 . . Power . | . . . . . Propulsion 1 | . . 1 . . Utility 1 | . . 1 . . Weapon . | . . . . . Parts Attached 27 | . 7 8 9 3 Power 1 | . . . 1 . Engine 1 | . . . 1 . Core . | . . . . . Reactor . | . . . . . Propulsion 8 | . . 6 2 . Treads 2 | . . 2 . . Leg 5 | . . 3 2 . Wheel 1 | . . 1 . . Hover . | . . . . . Flight . | . . . . . Utility 7 | . 2 1 1 3 Device 2 | . 1 . 1 . Storage 4 | . . 1 . 3 Processor 1 | . 1 . . . Hackware . | . . . . . Protection . | . . . . . Artifact . | . . . . . Weapon 11 | . 5 1 5 . Energy Gun 1 | . 1 . . . Energy Cannon 2 | . 2 . . . Ballistic Gun 5 | . 2 1 2 . Ballistic Cannon . | . . . . . Launcher 1 | . . . 1 . Special Weapon 1 | . . . 1 . Impact Weapon 1 | . . . 1 . Slashing Weapon . | . . . . . Piercing Weapon . | . . . . . Special Melee Weapon . | . . . . . Unidentified Prototypes . | . . . . . Parts Lost 10 | . . 1 9 . Power . | . . . . . Propulsion 4 | . . . 4 . Utility 1 | . . . 1 . Weapon 5 | . . 1 4 . Highest Loss Streak 6 | . . 1 6 . Average Slot Usage (%) 80 | . 92 88 79 59 Engine 11 | . 14 11 10 11 Treads 2 | . . 14 . . Leg 20 | . 28 11 23 11 Wheel 1 | . . 6 . . Device 1 | . 2 . 3 . Storage 11 | . 14 12 12 4 Processor 9 | . 4 11 11 11 Energy Cannon 3 | . 10 3 . . Ballistic Gun 13 | . 14 17 11 11 Special Weapon 1 | . . . 3 . Impact Weapon 2 | . . . 2 11 Naked Turns . | . . . . . Heaviest Build 40 | 12 15 19 21 40 Greatest Support 40 | 20 20 30 40 10 Greatest Overweight (x) 3 | . . 1 . 3 Average Overweight (x) . | . . . . . Largest Inventory Capacity 16 | 6 6 10 10 16 Average Capacity 6 | 6 6 6 7 7 Most Carried 7 | 6 6 5 7 7 Average Carried 4 | 6 5 4 5 3 Final Capacity 12 | 6 6 10 4 12 Final Carried 7 | 6 6 5 2 7 Class Distribution -------------------- 78% | Mutant 21% | Scavenger-Mutant Dominant Class ---------------- Mutant | -10/Materials Mutant | -9/Materials Mutant | -9/Mines Mutant | -9/Exiles Resources | -11 -10 -9 -9 -9 ----------- Run | Scr Mat Mat Min Exi Matter Collected 719 | 200 22 151 170 176 Remotely . | . . . . . Salvage Created 361 | . 42 221 50 48 Parts 19 | . 5 14 . . Haulers Intercepted . | . . . . . Recyclers Shooed . | . . . . . Parts Field Recycled . | . . . . . Retrieved Matter . | . . . . . Parts Self-Destructed . | . . . . . Prevented . | . . . . . Kills | -11 -10 -9 -9 -9 ------- Run | Scr Mat Mat Min Exi Combat Hostiles Destroyed 22 | . 3 7 12 . Guns 6 | . . 4 2 . Cannons 6 | . 3 3 . . AOE 10 | . . . 10 . Classes Destroyed 4 | . 1 2 1 . Swarmer 7 | . 3 4 . . Grunt 1 | . . 1 . . Sentry 2 | . . 2 . . Assembled 12 | . . . 12 . Best Kill Streak 10 | . 3 6 10 . Combat Bots Only 10 | . 3 6 10 . Max Kills in Single Turn 3 | . 1 1 3 . Gunslinging . | . . . . . Exploded 3 | . . . 3 . Melee . | . . . . . Uniques/NPCs Destroyed . | . . . . . Combat | -11 -10 -9 -9 -9 -------- Run | Scr Mat Mat Min Exi Damage Taken 1272 | . 115 321 719 117 Core 190 | . 8 31 151 . Absorbed by Shields . | . . . . . Core Remaining (%) 98 | 100 96 . . . Volleys Fired 47 | . 4 19 24 . Largest 2 | . 2 2 2 . Hottest 120 | . 80 80 120 . Shots Fired 80 | . 8 36 36 . Gun 52 | . 4 26 22 . Cannon 14 | . 4 10 . . Launcher 13 | . . . 13 . Special 1 | . . . 1 . Kinetic 52 | . 4 26 22 . Thermal 15 | . 4 10 1 . Explosive 13 | . . . 13 . Electromagnetic . | . . . . . Robot Hit Streak 15 | . 2 15 5 . Robot Miss Streak 4 | . 3 2 4 . Penetration Max . | . . . . . Secondary Targets . | . . . . . Shots Hit Robots 45 | . 2 25 17 1 Core Hits 37 | . 3 11 23 . Critical Hits . | . . . . . Critical Kills . | . . . . . Critical Parts Destroyed . | . . . . . Melee Attacks 1 | . . . . 1 Impact 1 | . . . . 1 Slashing . | . . . . . Piercing . | . . . . . Sneak Attacks . | . . . . . Combat Hostiles . | . . . . . Follow-up Attacks . | . . . . . Damage Inflicted 1196 | . 54 251 809 82 Guns 262 | . . 163 99 . Cannons 142 | . 54 88 . . Explosions 708 | . . . 708 . Melee 82 | . . . . 82 Ramming 2 | . . . 2 . Kinetic 262 | . . 163 99 . Thermal 142 | . 54 88 . . Explosive 708 | . . . 708 . Electromagnetic . | . . . . . Impact 82 | . . . . 82 Slashing . | . . . . . Piercing . | . . . . . Highest Corruption 1 | . 1 . . . Average Corruption 1 | . 1 . . . Corruption Purged . | . . . . . Overload Shots . | . . . . . Overflow Damage 85 | . . . 25 60 Projectiles . | . . . . . Explosions 25 | . . . 25 . Melee 60 | . . . . 60 Knockbacks . | . . . . . Impact . | . . . . . Kinetic . | . . . . . Secondary . | . . . . . Self-Inflicted Damage 94 | . . . 94 . Shots 5 | . . . 5 . Rammed 1 | . . . 1 . Targets Rammed 1 | . . . 1 . Kicked . | . . . . . Crushed . | . . . . . Highest Temperature 160 | . 72 160 28 . Average Temperature 42 | . 37 67 6 . Received Heat Transfer 101 | . . 81 20 . Siege Activations . | . . . . . Robots Corrupted . | . . . . . Combat Hostiles . | . . . . . Parts Fried 2 | . . . . 2 Impact Corruptions 2 | . . . . 2 Robots Melted . | . . . . . Combat Hostiles . | . . . . . Parts Melted 1 | . 1 . . . Heat Transferred 296 | . 111 185 . . Parts Sabotaged . | . . . . . Parts Stolen . | . . . . . Parts Stripped . | . . . . . Power Chain Reactions . | . . . . . Missiles Intercepted . | . . . . . Alert | -11 -10 -9 -9 -9 ------- Run | Scr Mat Mat Min Exi Peak Influence 312 | . 153 312 121 . Initial 121 | . . 64 121 . Average 100 | . 45 220 89 . Maximum Alert Level 1 | . . 1 . . Low Security (%) 85 | 100 100 27 100 . Level 1 14 | . . 72 . . Level 2 . | . . . . . Level 3 . | . . . . . Level 4 . | . . . . . Level 5 . | . . . . . High Security . | . . . . . Max Security . | . . . . . Squads Dispatched 1 | . 1 . . . Investigation . | . . . . . Extermination . | . . . . . Reinforcement 1 | . 1 . . . Assault . | . . . . . Garrison . | . . . . . Intercept . | . . . . . Construction Impeded . | . . . . . Haulers Reinforced . | . . . . . Stealth | -11 -10 -9 -9 -9 --------- Run | Scr Mat Mat Min Exi Distress Signals 1 | . . 1 . . Communications Jammed . | . . . . . Distress Signals . | . . . . . Times Spotted 37 | . 9 9 14 5 Peak Tracking Total 12 | . 5 7 5 12 Tactical Retreats 4 | . 1 1 1 1 Traps | -11 -10 -9 -9 -9 ------- Run | Scr Mat Mat Min Exi Traps Triggered 2 | . 2 . . . Indirectly . | . . . . . Trap Hack Attempts . | . . . . . Triggered . | . . . . . Disarmed . | . . . . . Reprogrammed . | . . . . . Reused . | . . . . . Traps Extracted . | . . . . . Installed . | . . . . . Triggered . | . . . . . Machines | -11 -10 -9 -9 -9 ---------- Run | Scr Mat Mat Min Exi Machines Disabled . | . . . . . Max in Single Turn . | . . . . . Machines Sabotaged . | . . . . . Garrisons Compromised . | . . . . . Overloaded Fab Kills . | . . . . . Fab Network Shutdowns . | . . . . . Hacking | -11 -10 -9 -9 -9 --------- Run | Scr Mat Mat Min Exi Machines Accessed 5 | . 4 1 . . Terminals 5 | . 4 1 . . Fabricators . | . . . . . Repair Stations . | . . . . . Recycling Units . | . . . . . Scanalyzers . | . . . . . Garrison Access . | . . . . . Total Hacks 12 | . 10 2 . . Successful 8 | . 6 2 . . Failed 4 | . 4 . . . Catastrophic . | . . . . . Database Lockouts . | . . . . . Manual 8 | . 7 1 . . Terminals 12 | . 10 2 . . Fabricators . | . . . . . Repair Stations . | . . . . . Recycling Units . | . . . . . Scanalyzers . | . . . . . Garrison Access . | . . . . . Terminal Hacks 3 | . 2 1 . . Level Access Points 1 | . 1 . . . Emergency Access Points 2 | . 1 1 . . Fabricator Hacks . | . . . . . Repair Station Hacks . | . . . . . Recycling Unit Hacks . | . . . . . Scanalyzer . | . . . . . Garrison Access Hacks . | . . . . . Unauthorized Hacks 5 | . 4 1 . . Terminals 5 | . 4 1 . . Botnet 5 | . 4 1 . . Fabricators . | . . . . . Repair Stations . | . . . . . Recycling Units . | . . . . . Scanalyzers . | . . . . . Garrison Access . | . . . . . Data Cores Recovered . | . . . . . Used . | . . . . . Hacking Detections 5 | . 4 1 . . Full Trace Events . | . . . . . Feedback Events . | . . . . . Feedback Blocked . | . . . . . Robot Schematics Acquired . | . . . . . Robots Built . | . . . . . Matter . | . . . . . Time . | . . . . . Total Robot Build Rating . | . . . . . Part Schematics Acquired . | . . . . . Parts Built . | . . . . . Matter . | . . . . . Time . | . . . . . Total Part Build Rating . | . . . . . Parts Repaired . | . . . . . Time . | . . . . . Parts Recycled . | . . . . . Recycled Matter . | . . . . . Retrieved Matter . | . . . . . Retrieved Components . | . . . . . Parts Scanalyzed . | . . . . . Part Schematics Acquired . | . . . . . Parts Damaged . | . . . . . Bothacking | -11 -10 -9 -9 -9 ------------ Run | Scr Mat Mat Min Exi Used RIF Installer . | . . . . . Robots Hacked . | . . . . . Non-combat . | . . . . . Combat . | . . . . . Robot Hacks Applied . | . . . . . Relay Couplers Released . | . . . . . Robots Rewired . | . . . . . Allies Hacked . | . . . . . Hacks Repelled . | . . . . . Allies | -11 -10 -9 -9 -9 -------- Run | Scr Mat Mat Min Exi Total Allies . | . . . . . Largest Group . | . . . . . Highest-Rated Group . | . . . . . Highest-Rated Ally . | . . . . . Total Orders . | . . . . . Ally Attacks . | . . . . . Total Damage . | . . . . . Kills . | . . . . . Allies Corrupted . | . . . . . Allies Melted . | . . . . . Intel | -11 -10 -9 -9 -9 ------- Run | Scr Mat Mat Min Exi Robot Analysis Total . | . . . . . Derelict Logs Recovered 1 | . . . 1 . Drone Launches . | . . . . . Drone Recoveries . | . . . . . Exploration | -11 -10 -9 -9 -9 ------------- Run | Scr Mat Mat Min Exi Turns Passed 941 | 3 268 154 348 168 Spaces Moved 636 | 3 198 78 249 108 Core 41 | . . . 41 . Treads . | . . . . . Legs 554 | 3 198 37 208 108 Wheels 41 | . . 41 . . Hover . | . . . . . Flight . | . . . . . Fastest Speed 50 | 120 120 80 50 120 Average Speed 117 | 120 120 103 108 142 Slowest Speed 210 | 120 120 150 120 210 Overloaded Moves . | . . . . . Propulsion Burnouts . | . . . . . Robots Hopped . | . . . . . Cave-ins Triggered . | . . . . . Exploration Rate (%) 30 | 2 46 10 59 34 Regions Visited 4 Branch Regions 2 Pre-discovered Areas 1 | . . . 1 . Known Exits Taken 3 | . 1 1 1 . Unknown Exits Taken 1 | 1 . . . . Scrap Searched 1 | . . . 1 . Spaces Dug . | . . . . . Terrain Destroyed 96 | . . . 96 . Melee . | . . . . . Projectile 1 | . . . 1 . AOE 95 | . . . 95 . Terrain Rammed . | . . . . . Walls Destroyed . | . . . . . Machines Disabled . | . . . . . Actions | -11 -10 -9 -9 -9 --------- Run | Scr Mat Mat Min Exi Total 752 | 2 221 118 292 119 Wait 19 | . 4 10 5 . Move 632 | 2 197 77 248 108 Hop . | . . . . . Pick Up 10 | . 2 1 2 5 Fast Attach 15 | . 4 4 4 3 Attach 6 | . . 2 4 . Detach 2 | . 1 . 1 . Swap 6 | . 3 2 1 . Drop 13 | . 6 3 2 2 Fire 47 | . 4 19 24 . Melee 1 | . . . . 1 Ram 1 | . . . 1 . Kick . | . . . . . Crush . | . . . . . Escape Stasis . | . . . . . Rewire . | . . . . . Trap . | . . . . . Miscellaneous . | . . . . . Route ------- -11/Scrapyard -10/Materials (discovered 3 exits: *Mat x3) -9/Materials -9/Mines (discovered 2 exits: *Mat / *Exi) -9/Exiles (discovered 1 exit: [*Min]) History --------- Turn | Location | Event 1 | -11/Scrapyard | Discovered new exit (range 1) 4 | -11/Scrapyard | Entered Materials 190 | -10/Materials | Identified exit to Materials 272 | -10/Materials | Entered another Materials area 272 | -9/Materials | Evolved 2 slots: Propulsion x1, Utility x1 315 | -9/Materials | Build established: Mutant 415 | -9/Materials | Discovered new exit (range 6) 424 | -9/Materials | Identified exit to Mines 426 | -9/Materials | Entered Mines 467 | -9/Mines | Learned location of Zion (-7) 475 | -9/Mines | Assembled infested the area 480 | -9/Mines | Assisted by a Guerilla fighting off Assembled 529 | -9/Mines | Destroyed 10 combat bots 575 | -9/Mines | Lost 3 parts (1n2w) 714 | -9/Mines | Lost 6 parts (3n1u2w) 718 | -9/Mines | Discovered new exit (range 10) 726 | -9/Mines | Identified exit to Materials 767 | -9/Mines | Deemed a non-threat by the Exiles lab entrance 768 | -9/Mines | Discovered new exit (range 5) 772 | -9/Mines | Identified exit to Exiles 774 | -9/Mines | Entered Exiles 790 | -9/Exiles | Discovered new exit (range 15) 804 | -9/Exiles | Met 8R-AWN 825 | -9/Exiles | Met EX-HEX 934 | -9/Exiles | Attacked by the Exiles 942 | -9/Exiles | Self-destructed Last Messages --------------- back. 00867_ Acquired Lrg. Storage Unit. 00879_ Dropped Lrg. Storage Unit. 00882_ Acquired Hcp. Storage Unit. 00888_ Extracted 64 matter. 00890_ Acquired Hcp. Matter Pod. 00891_ Extracted 64 matter. 00893_ Acquired Hcp. Matter Pod. 00903_ Acquired Lrg. Storage Unit. 00933_ Sneak attack on A-02 Transporter. 00933_ Destroyed Weight Redist. System. 00933_ Destroyed Ion Engine. 00933_ A-02 Transporter system corrupted by crushing effect. 00934_ A-02 Transporter system terminally corrupted. 00934_ Lgt. Treads fried. 00934_ Transport Network Coupler fried. 00934_ EXILES: Hostile robot within lab perimeter. Defensive protocols time, folks! 00935_ Acquired 48 matter. 00941_ Knocked back. Map ----- +----------------------------------------------------+ | ?????????????????????????????????????????????????? | | ?????????????????????????????????????????????????? | | ?????????????????????????????????????????????????? | | ?????????????????????????????????????????????????? | | ?????????????????????????????????????????????????? | | ?????????????????????????????????????????????????? | | ?????????????????????????????????????????????????? | | ?????????????????????????????????????????????????? | | ??????????????????????????????????????????##??###? | | ??????????????????????????????????? #####"""""""" | | ????????????????????????????????? " """ "" | | ???????????????????????????????? "" " | | ???????????????????????????????? " | | ???????????????????????????????? | | ????????????? ????????????????? | | ????????????? ????????????????? | | ???????????? ????????????????? | | ???????????? ? ??????????????? | | ??????????? ?????????????#""" | | ??????????? ""?????????????#""" | | ??????????? """?????????????#"""" | | ?????????? ""#???????????##"" | | ?????????? #;?#####??####"""" | | ????????? ## aa####""" | | ????????? """" | | ????????? @ a a a | | ??????????" aa | | ????????? " | | ?????????? " "" """ | | ??????????"" ""## ##""" " " ""#" | | ??????????? ""#### ######""" """##"" | | ??????????? """"##??# #????###""""##### | | ??????????? c """#??## ####???######???? | | ???????????? ""##??# " #????????????? | | ???????????? """#????#" #????????????? | | ????????????? ??????#" "#????????????? | | ?????????????"" ????????# "" "#????????????? | | ??????????????? ?????????########????????????? | | ????????????????? ??????????????????????????????? | | ?????????????????????????????????????????????????? | | ?????????????????????????????????????????????????? | | ?????????????????????????????????????????????????? | | ?????????????????????????????????????????????????? | | ?????????????????????????????????????????????????? | | ?????????????????????????????????????????????????? | | ?????????????????????????????????????????????????? | | ?????????????????????????????????????????????????? | | ?????????????????????????????????????????????????? | | ?????????????????????????????????????????????????? | | ?????????????????????????????????????????????????? | +----------------------------------------------------+ Best States ------------- Heat Dissipation 28 Energy Generation 10 Energy Capacity 250 Matter Stores 300 Matter Capacity 300 Sight Range 16 Terrain Scan Range 16 Terrain Scan Density 10 ECM Strength 1 Evasion (%) 50 Recoil Reduction 2 Item Schematics ----------------- None Robot Schematics ------------------ None Fabricated ------------ Nothing Alien Tech Used ----------------- None Achievements -------------- None Challenges ------------ None Game ------ Seed NullHeatEdition Manual? 0 Play Time 00:12:45 Cumulative 35.2 hours Start 2021.07.24 @ 01:00:33 End 2021.07.24 @ 01:13:19 Sessions 1 Manual Loads 0 Difficulty Rogue Special Mode None Game No. 19 Rogue 17 Adventurer 2 Explorer 0 Win Type - Total 1 Types 1/0/0/0/0/0/0/0/0 Lore% 29 Gallery% 47 Achievement% 38 Wizard Run 0 Options --------- ASCII 0 Keyboard 0 Movement Numpad Keybinds 0 Fullscreen 1 Font 18/SmallcapsGlow Map View 76x50 Tactical HUD 1 Map Filters NONE Filters NONE Steam 1 RUN: 79256f83-04e9-4a20-a873-e5a5ebf2b78d